 Dungeon Crawl Stone Soup version 0.17-a0-1651-gae1a69f (webtiles) character file.

25 nuthulu the Magician (level 2, -2/15 HPs)
             Began as a Deep Elf Wizard on Aug 14, 2015.
             Slain by a rat (3 damage)
             ... on level 1 of the Dungeon.
             The game lasted 00:03:36 (1064 turns).

nuthulu the Magician (Deep Elf Wizard)              Turns: 1064, Time: 00:03:36

Health: -2/15      AC:  2    Str:  4    XL:     2   Next: 82%
Magic:  3/10       EV: 12    Int: 22    God:
Gold:   55         SH:  0    Dex: 13    Spells: 4 memorised, 4 levels left

rFire  . . .     SeeInvis .     h - +0 short sword
rCold  . . .     Clarity  .     a - +0 robe
rNeg   . . .     SustAt   .     (no shield)
rPois  .         Gourm    .     b - +0 hat
rElec  .         Spirit   .     (no cloak)
rCorr  .         Warding  .     (no gloves)
rMut   .         Stasis   .     (no boots)
MR     .....                    (no amulet)
Stlth  ++........               (no ring)
                                (no ring)

@: not resistant to hostile enchantments, unstealthy
A: no striking features
a: no special abilities


You were on level 1 of the Dungeon.
You were not hungry.

You visited 1 branch of the dungeon, and saw 1 of its levels.

You collected 55 gold pieces.

Inventory:

Hand weapons
 h - a +0 short sword (weapon)
Armour
 a - a +0 robe (worn)
 b - a +0 hat (worn)
Scrolls
 e - a scroll of noise {unknown}
 g - a scroll of enchant armour {unknown}
Potions
 i - a potion of curing {unknown}
Books
 c - a book of Minor Magic

   Spells                             Type                      Level
   a - Magic Dart                     Conjuration                  1
   b - Blink                          Translocation                2
   c - Call Imp                       Summoning                    2
   d - Repel Missiles                 Charms/Air                   2
   e - Slow                           Hexes                        2
   f - Conjure Flame                  Conjuration/Fire             3
   g - Mephitic Cloud                 Conjuration/Poison/Air       3
Comestibles
 d - 2 bread rations
 f - 2 meat rations


   Skills:
 + Level 2.4 Dodging
 + Level 2.4 Stealth
 + Level 5.0 Spellcasting
 + Level 2.4 Conjurations
 - Level 1.1 Summonings
 - Level 1.1 Translocations


You had 4 spell levels left.
You knew the following spells:

 Your Spells              Type           Power        Failure   Level  Hunger
a - Magic Dart            Conj           ###.         4%          1    None
b - Blink                 Tloc           N/A          12%         2    None
c - Repel Missiles        Chrm/Air       #.....       17%         2    None
d - Call Imp              Summ           ##......     12%         2    None


Dungeon Overview and Level Annotations

Branches:
Dungeon (1/15)

Altars:


Message History

The bat hits you but does no damage.
The giant cockroach bites you but does no damage.
The giant gecko misses you. The giant cockroach bites you.
The giant gecko closely misses you. The giant gecko bites you.
You barely miss the rat. The bat hits you but does no damage.
The bat closely misses you. The kobold hits you with a short sword.
The rat bites you. The giant cockroach bites you.
The giant gecko closely misses you. The bat hits you but does no damage.
You barely miss the rat. The bat barely misses you.
The giant cockroach completely misses you.
The kobold hits you with a short sword.
* * * LOW HITPOINT WARNING * * *
The giant gecko barely misses you. The rat misses you.
You hit the rat.
The rat is heavily wounded.
The bat barely misses you. The giant cockroach misses you.
The giant gecko bites you.
* * * LOW HITPOINT WARNING * * *
The rat bites you.
You die...

#.......... #########
#.......... #.......#
#.)........ #.......#
####'###'## #.......#
#§# #.##
#.......#######'###.##
#.................#.#.
#...slK...........+.#.
#...b@r...........###.
#######.......r...# #.
#......§....# #.
#...........# ##
############# # # #


You could see a giant gecko, a giant cockroach, a bat, a kobold and a rat.

Vanquished Creatures
  7 bats (D:1)
  A hobgoblin (D:1)
  4 jackals (D:1)
  A kobold (D:1)
  A giant cockroach (D:1)
  3 giant newts (D:1)
  3 goblins (D:1)
  4 rats (D:1)
24 creatures vanquished.

Vanquished Creatures (collateral kills)
  A giant gecko (D:1)
1 creature vanquished.

Grand Total: 25 creatures vanquished

Notes
Turn   | Place    | Note
--------------------------------------------------------------
     0 | D:1      | nuthulu the Deep Elf Wizard began the quest for the Orb.
     0 | D:1      | Reached XP level 1. HP: 10/10 MP: 7/7
   281 | D:1      | Reached XP level 2. HP: 15/15 MP: 6/9
   552 | D:1      | Learned a level 2 spell: Blink
   555 | D:1      | Learned a level 2 spell: Repel Missiles
   558 | D:1      | Learned a level 2 spell: Call Imp
   816 | D:1      | Reached skill level 5 in Spellcasting
  1064 | D:1      | Slain by a rat

Vault maps used:
D:1:      dpeg_arrival_round_c, serial_park_tiny_2

Action                   || total
-------------------------++-------
Melee: Short sword       ||     5
 Cast: Magic Dart        ||    47
       Blink             ||     4
       Call Imp          ||     1
